 Dungeon Sprint DCSS version 0.29.1-12-g30fa7ad0bf (webtiles) character file.

Game seed: 11196958720749778519

25963 sanboga the Executioner (level 12, -18/192 HPs)
             Began as a Minotaur Berserker on Dec 14, 2022.
             Was the Champion of Trog.
             Killed from afar by a fire giant (59 damage)
             ... with a fireball
             ... in the Dungeon (Sprint V: "Ziggurat Sprint").
             The game lasted 00:07:07 (1676 turns).

sanboga the Executioner (Minotaur Berserker)        Turns: 1676, Time: 00:07:08

Health: -18/192    AC: 38    Str: 34    XL:     12   Next: 94%
Magic:  11/11      EV:  8    Int:  6    God:    Trog [******]
Gold:   0          SH: 34    Dex:  9    Spells: 11/11 levels left

rFire   . . .      SeeInvis +   b - +14 obsidian axe {vorpal, Mesm Drain Fly SInv}
rCold   . . .      Faith    .   j - +18 shield of the Gong {rElec rN+ Will+ EV-5}
rNeg    + . .      Spirit   .   a - +15 Maxwell's patent armour {-Cast -Tele rElec Will+ rCorr}
rPois   .          Reflect  +   t - +3 crown of Dyrovepreva {rElec Int+2 SInv}
rElec   +          Harm     .   q - scarf {repulsion}
rCorr   +          Rampage  .   y - +0 pair of gloves
Will    ++...      NoTele   +   (no boots)
Stlth   .......... NoCast   +   x - amulet of reflection
HPRegen 0.42/turn               o - +6 ring of strength
MPRegen 0.12/turn               u - ring of protection from fire

@: berserking, weakened, fire vulnerable, flying, mesmerised, studying Shields,
repel missiles, very quick
A: horns 2, retaliatory headbutt
a: Renounce Religion, Berserk, Trog's Hand, Brothers in Arms


You were in the Dungeon.
You worshipped Trog.
Trog was exalted by your worship.
You visited 1 branch

Inventory:

Hand Weapons
 b - the +14 obsidian axe (weapon) {vorpal, Mesm Drain Fly SInv}
   (You found it in the Dungeon)

   It inflicts extra damage upon your enemies.
   It occasionally summons demons to assist the wielder when it strikes in
   combat.
   Its wielder is mesmerised by any visible foes.
   It cannot be unequipped while any foes are visible.
   SInv:      It lets you see invisible.
   Fly:       It grants you flight.
   Drain:     It drains your maximum health when unequipped.
 r - the +2 Maxwell's thermic engine {flame, freeze}
   (You found it in the Dungeon)

   It burns those it strikes, dealing additional fire damage.
   Big, fiery blades are also staple armaments of hydra-hunters.
   It freezes those it strikes, dealing additional cold damage.
   It can also slow down cold-blooded creatures.
   It becomes more effective when it hits something.
   This effect fades over time.
Armour
 a - the +15 Maxwell's patent armour (worn) {-Cast -Tele rElec Will+ rCorr}
   (You found it in the Dungeon)

   rElec:     It insulates you from electricity.
   -Cast:     It prevents spellcasting.
   -Tele:     It prevents most forms of teleportation.
   rCorr:     It protects you from acid and corrosion.
   Will:      It increases your willpower.
 j - the +18 shield of the Gong (worn) {rElec rN+ Will+ EV-5}
   (You found it in the Dungeon)

   It is deafeningly noisy when blocking attacks.
   EV:        It affects your evasion (-5).
   rElec:     It insulates you from electricity.
   rN:        It protects you from negative energy.
   Will:      It increases your willpower.
 q - a scarf of repulsion (worn)
 t - the +3 crown of Dyrovepreva (worn) {rElec Int+2 SInv}
   (You found it in the Dungeon)

   Int:       It affects your intelligence (+2).
   rElec:     It insulates you from electricity.
   SInv:      It lets you see invisible.
 y - a +0 pair of gloves (worn)
Jewellery
 i - a ring of flight
 o - a +6 ring of strength (left hand)
 p - a +6 ring of strength
 u - a ring of protection from fire (right hand)
 w - a ring of protection from cold
 x - an amulet of reflection (around neck)
 z - the amulet of the Air {Inacc Air Fly rElec RMsl}
   (You found it in the Dungeon)

   [amulet of nothing]

   It reduces the accuracy of all your attacks.
   It enhances your air magic.
   rElec:     It insulates you from electricity.
   Fly:       It grants you flight.
   RMsl:      It protects you from missiles.
Wands
 k - a wand of mindburst (15)
 l - a wand of iceblast (7)
 m - a wand of quicksilver (15)
Scrolls
 h - a scroll of blinking
 n - 5 scrolls of brand weapon
Potions
 c - a potion of curing
 e - 5 potions of haste
 f - 2 potions of magic
 g - a potion of berserk rage
Miscellaneous
 s - a phantom mirror
 v - a phantom mirror


   Skills:
 + Level 18.6 Fighting
 * Level 22.3 Axes
 + Level 18.4 Armour
 + Level 17.1 Dodging
 + Level 13.4 Shields


You had 11 spell levels left.
You didn't know any spells.
Your spell library was empty.

Dungeon Overview and Level Annotations

Branches:
Dungeon (1/1)

Altars:
Ashenzari
Cheibriados
Dithmenos
Elyvilon
Fedhas
Gozag
Hepliaklqana
Kikubaaqudgha
Makhleb
Nemelex Xobeh
Okawaru
Qazlal
Ru
Sif Muna
Trog
Uskayaw
Vehumet
Wu Jian
Xom
Yredelemnul
Zin
The Shining One
Jiyva
Lugonu


Innate Abilities, Weirdness & Mutations

You have a pair of horns on your head.
You reflexively headbutt those who attack you in melee.


Message History

The searing wretch completely resists.
The bolt of fire hits you. You resist.
You slash the searing wretch!
The searing wretch is lightly damaged.
You slash the salamander tyrant!
You kill the salamander tyrant!
Trog accepts your kill. Trog grants you a weapon!
Something appears at your feet!
You see here the +8 rapier "Calurub" {vorpal, rPois Dex+3}.
Trog appreciates your killing of a magic user.
Visions of slaying the searing wretch flood into your mind.
You slash the searing wretch!
The searing wretch is lightly damaged.
The fire giant casts a spell at you.
The fireball explodes!
The fireball engulfs you! You resist.
* * * LOW HITPOINT WARNING * * *
The fireball engulfs the searing wretch.
The searing wretch completely resists.
You slice the searing wretch!!
Your headbutt misses the searing wretch.
The searing wretch is heavily damaged.
You barely miss the searing wretch.
The searing wretch is heavily damaged.
The hell hog breathes fire at you.
The fireball explodes!
The fireball engulfs the searing wretch.
The searing wretch completely resists.
The fireball engulfs you. You resist.
* * * LOW HITPOINT WARNING * * *
The fireball engulfs the fire giant!
The fire giant resists.
The fireball engulfs the hell hog.
The hell hog completely resists.
The fireball engulfs the Brimstone Fiend.
The Brimstone Fiend completely resists.
The searing wretch claws you but does no damage.
The searing wretch claws you!
* * * LOW HITPOINT WARNING * * *
Your fire resistance is stripped away!
You block the searing wretch's attack.
GONNNNG!
The fire giant casts a spell at you.
The fireball explodes!
The fireball engulfs you!!!
You die...

▓.▓....▓.
▓...2)=[?)..▓...©....
▓..1........▓▓▓▓▓▓▓▓▓
▓...........▓...8©8..
....C......▓..=|)[..
...22C....▓...:})..
▓hh1..▓ ▓........
▓▓nCN▓▓ ▓.....)..
▓..▓@....▓..▓........
▓.....©.....▓......).
▓▓▓▓▓▓▓▓▓▓▓▓▓.▓....)▓
▓....8©8....▓....©...
▓..)))=|)|..▓▓▓▓▓▓▓▓▓
▓...[".))...▓...8©8..
▓...........▓...:)[).
▓...........▓...[:|..
▓...........▓........


You could see a searing wretch (mesmerising), a Brimstone Fiend, 3 fire giants,
a balrug, a salamander tyrant, a hell hog (catching breath) and a tormentor.

Vanquished Creatures
  A caustic shrike (D)
  A Hell Sentinel (D)
  An ancient champion (D)
  A vault warden (D)
  A fire giant (D)
  An iron dragon (D)
  An ironbound thunderhulk (D)
  4 war gargoyles (D)
  An iron golem (D)
  A fire dragon (D)
  2 vault guards (D)
  Erolcha (D)
  A salamander tyrant (D)
  2 two-headed ogres (D)
  2 hell hogs (D)
  A spriggan druid (D)
  An ugly thing (D)
  Joseph (D)
  2 yaktaurs (D)
  A hellion (D)
  2 wind drakes (D)
  A merfolk (D)
  Sigmund (D)
  2 spriggans (D)
  A wyvern (shapeshifter) (D)
  A fire elemental (D)
  A warg (shapeshifter) (D)
  3 hell hounds (D)
  2 black bears (D)
  An orc warrior (D)
  2 wolves (D)
  A phantom (D)
  Blork the orc (D)
  A necrophage (D)
  A crimson imp (D)
  2 orc priests (D)
  Crazy Yiuf (D)
  An orc wizard (D)
  3 orcs (D)
  A bat skeleton (D)
  A bat zombie (D)
  A fire vortex (D)
58 creatures vanquished.

Vanquished Creatures (collateral kills)
  Nikola (D)
  An ancient champion (D)
  A fire dragon (D)
  A two-headed ogre (D)
  Nergalle (D)
  A hellion (D)
  A merfolk (D)
  A wind drake (D)
  A hornet (D)
  A spriggan (D)
  Menkaure (D)
  Edmund (D)
  2 ogres (D)
  2 centaurs (D)
  A phantom (D)
  A necrophage (D)
  A wight (D)
  A crimson imp (D)
  2 orc priests (D)
  A shadow imp (D)
  An ufetubus (D)
  An adder zombie (D)
  A ball python zombie (D)
  A quokka skeleton (D)
  2 fire vortices (D)
29 creatures vanquished.

Vanquished Creatures (others)
  A fire dragon (D)
1 creature vanquished.

Grand Total: 88 creatures vanquished

Notes
Turn   | Place    | Note
-------+----------+-------------------------------------------
     0 | D        | sanboga the Minotaur Berserker began the quest for the Orb.
     0 | D        | Reached XP level 1. HP: 19/19 MP: 0/0
    14 | D        | Found a blossoming altar of Fedhas.
    14 | D        | Found the +6 Majin-Bo {vamp, MP+6 Int+6}
    14 | D        | Found the +9 heavy crossbow "Sniper" {vorpal, Acc+∞ SInv}
    14 | D        | Found the +10 dark maul {vorpal}
    14 | D        | Found the +15 Maxwell's patent armour {-Cast -Tele rElec
                  | Will+ rCorr}
    14 | D        | Found the +18 shield of the Gong {rElec rN+ Will+ EV-5}
    14 | D        | Found the +14 obsidian axe {vorpal, Mesm Drain Fly SInv}
    14 | D        | Found the +7 great mace "Firestarter" {inner flame, rF++}
    14 | D        | Found the +6 shillelagh "Devastator" {shatter}
    14 | D        | Found the +11 plutonium sword {Contam Stlth-}
    14 | D        | Found the +8 lance "Wyrmbane" {slay drac, rPois rF+ rC+
                  | AC+3}
    14 | D        | Found the +9 sword of Zonguldrok {reap}
    14 | D        | Found the +13 scythe of Curses {drain, Drain}
    14 | D        | Found the +5 sword of Power {vorpal}
    14 | D        | Found the +7 mace of Variability {chain chaos}
    14 | D        | Found the +7 Singing Sword {vorpal, sonic wave}
    14 | D        | Found the +8 storm bow {elec, penet}
    15 | D        | Found a viscous altar of Jiyva.
    15 | D        | Found a hazy altar of Hepliaklqana.
    15 | D        | Found a transporter.
    15 | D        | Found an opulent altar of Gozag.
    15 | D        | Found an ancient bone altar of Kikubaaqudgha.
    15 | D        | Found a corrupted altar of Lugonu.
    28 | D        | Found a burning altar of Makhleb.
    30 | D        | Found an iron altar of Okawaru.
    30 | D        | Found a sparkling altar of Nemelex Xobeh.
    30 | D        | Found a stormy altar of Qazlal.
    30 | D        | Found a sacrificial altar of Ru.
    30 | D        | Found a shimmering blue altar of Sif Muna.
    58 | D        | Found a bloodstained altar of Trog.
    86 | D        | Entered arena 2.
    86 | D        | Noticed a fire elemental
    86 | D        | Noticed a hell hound
    86 | D        | Found a transporter.
    88 | D        | Killed a hell hound
    89 | D        | Reached skill level 6 in Axes
    89 | D        | Reached skill level 5 in Armour
    89 | D        | Reached skill level 5 in Dodging
    89 | D        | Reached XP level 2. HP: 31/31 MP: 1/1
    89 | D        | Reached XP level 3. HP: 38/38 MP: 2/2
    89 | D        | Reached XP level 4. HP: 45/45 MP: 3/3
    89 | D        | Killed a fire elemental
    90 | D        | Reached skill level 8 in Axes
    90 | D        | Reached XP level 5. HP: 53/53 MP: 4/4
    95 | D        | Entered arena 3.
    95 | D        | Noticed a wyvern
    95 | D        | Noticed a red ugly thing
    95 | D        | Noticed a warg
    95 | D        | Found a transporter.
    99 | D        | Killed a red ugly thing
    99 | D        | Reached ** piety under Trog
   100 | D        | Reached skill level 9 in Axes
   100 | D        | Reached XP level 6. HP: 66/66 MP: 5/5
   100 | D        | Reached XP level 7. HP: 71/71 MP: 6/6
   101 | D        | Reached skill level 10 in Fighting
   101 | D        | Reached skill level 10 in Axes
   101 | D        | Reached skill level 10 in Armour
   102 | D        | Killed a wyvern
   140 | D        | Entered arena 4.
   140 | D        | Found a transporter.
   142 | D        | Reached *** piety under Trog
   160 | D        | Entered arena 5.
   160 | D        | Found a transporter.
   161 | D        | Reached **** piety under Trog
   162 | D        | Reached skill level 11 in Axes
   166 | D        | Reached skill level 10 in Dodging
   166 | D        | Reached XP level 8. HP: 82/82 MP: 7/7
   169 | D        | Got the ring "Itof" {rN+ Will+}
   173 | D        | Entered arena 6.
   173 | D        | Found the +2 Maxwell's thermic engine {flame, freeze}
   173 | D        | Noticed a two-headed ogre
   173 | D        | Noticed a two-headed ogre
   173 | D        | Noticed a two-headed ogre
   173 | D        | Found a transporter.
   175 | D        | Killed a two-headed ogre
   175 | D        | Reached ***** piety under Trog
   176 | D        | Reached skill level 12 in Axes
   177 | D        | Killed a two-headed ogre
   178 | D        | Reached skill level 13 in Axes
   178 | D        | Reached XP level 9. HP: 93/93 MP: 8/8
   180 | D        | Killed a two-headed ogre
   186 | D        | Entered arena 7.
   186 | D        | Noticed a vault guard
   186 | D        | Noticed a vault guard
   186 | D        | Noticed a yaktaur
   186 | D        | Noticed a vault warden
   186 | D        | Noticed a yaktaur
   186 | D        | Noticed an ironbound thunderhulk
   187 | D        | Found a transporter.
   196 | D        | Killed an ironbound thunderhulk
   196 | D        | Killed a vault guard
   196 | D        | Received a gift from Trog
   197 | D        | Reached skill level 15 in Axes
   197 | D        | Reached XP level 10. HP: 104/104 MP: 9/9
   197 | D        | Killed a vault warden
   198 | D        | Reached skill level 5 in Shields
   199 | D        | Killed a vault guard
   200 | D        | Reached skill level 15 in Fighting
   200 | D        | Reached skill level 16 in Axes
   247 | D        | Entered arena 8.
   248 | D        | Found a transporter.
   249 | D        | Received a gift from Trog
   251 | D        | Reached ****** piety under Trog
   267 | D        | Entered arena 9.
   268 | D        | Found a transporter.
   273 | D        | Received a gift from Trog
   276 | D        | Reached skill level 15 in Armour
   282 | D        | Reached skill level 17 in Axes
   296 | D        | Got the ring of Aptocuf {rElec Will+ rCorr Str-5 SInv}
   333 | D        | Entered arena 10.
   333 | D        | Noticed a spriggan rider
   333 | D        | Noticed a spriggan druid
   334 | D        | Found a transporter.
   338 | D        | Reached XP level 11. HP: 113/113 MP: 10/10
   340 | D        | Killed a spriggan druid
   340 | D        | Received a gift from Trog
   383 | D        | Entered arena 11.
   384 | D        | Found a transporter.
   389 | D        | Received a gift from Trog
   515 | D        | Entered arena 12.
   515 | D        | Noticed Nikola
   515 | D        | Noticed Menkaure
   515 | D        | Noticed Sigmund
   515 | D        | Noticed Edmund
   515 | D        | Noticed Nergalle
   515 | D        | Noticed Crazy Yiuf
   516 | D        | Noticed Erolcha
   516 | D        | Noticed Joseph
   516 | D        | Noticed Blork the orc
   517 | D        | Found a transporter.
   519 | D        | Killed Sigmund
   520 | D        | Killed Menkaure
   520 | D        | Received a gift from Trog
   522 | D        | Killed Erolcha
   522 | D        | Killed Crazy Yiuf
   522 | D        | Killed Edmund
   523 | D        | Reached skill level 18 in Axes
   524 | D        | Killed Joseph
   525 | D        | Killed Blork the orc
   530 | D        | Killed Nikola
   530 | D        | Received a gift from Trog
   531 | D        | Killed Nergalle
   817 | D        | Entered arena 13.
   817 | D        | Found the +3 crown of Dyrovepreva {rElec Int+2 SInv}
   817 | D        | Noticed a fire dragon
   817 | D        | Noticed a fire giant
   817 | D        | Noticed a hell hog
   817 | D        | Noticed a fire dragon
   818 | D        | Noticed a fire dragon
   818 | D        | Noticed a hell hog
   818 | D        | Found the amulet of the Air {Inacc Air Fly rElec RMsl}
   819 | D        | Found a transporter.
   824 | D        | Killed a fire dragon
   825 | D        | Reached skill level 15 in Dodging
   826 | D        | Killed a hell hog
   827 | D        | Reached skill level 19 in Axes
   827 | D        | Killed a hell hog
   827 | D        | Received a gift from Trog
   827 | D        | Killed a fire giant
   828 | D        | Reached skill level 10 in Shields
   829 | D        | Killed a fire dragon
   831 | D        | Killed a fire dragon
   832 | D        | Reached XP level 12. HP: 56/125 MP: 11/11
  1139 | D        | Entered arena 14.
  1140 | D        | Noticed a caustic shrike
  1140 | D        | Noticed an iron golem
  1140 | D        | Noticed an iron dragon
  1140 | D        | Noticed a war gargoyle
  1140 | D        | Noticed a war gargoyle
  1140 | D        | Noticed a war gargoyle
  1140 | D        | Noticed an ancient champion
  1141 | D        | Noticed a war gargoyle
  1141 | D        | Noticed a Hell Sentinel
  1141 | D        | Noticed an ancient champion
  1142 | D        | Found a transporter.
  1147 | D        | Killed a war gargoyle
  1147 | D        | Killed a war gargoyle
  1148 | D        | Reached skill level 20 in Axes
  1148 | D        | Killed a war gargoyle
  1148 | D        | Killed a war gargoyle
  1148 | D        | Received a gift from Trog
  1150 | D        | Killed a caustic shrike
  1151 | D        | Reached skill level 21 in Axes
  1151 | D        | Killed an ancient champion
  1154 | D        | Killed an ancient champion
  1154 | D        | Received a gift from Trog
  1155 | D        | Killed a Hell Sentinel
  1157 | D        | Killed an iron dragon
  1157 | D        | HP: 5/192 [iron golem (22)]
  1158 | D        | Reached skill level 22 in Axes
  1167 | D        | Killed an iron golem
  1558 | D        | Got the ring of Mirustez {rElec AC+4}
  1663 | D        | Entered arena 15.
  1664 | D        | Noticed a balrug
  1664 | D        | Noticed a hell hog
  1664 | D        | Noticed a hell hog
  1664 | D        | Noticed a searing wretch
  1664 | D        | Noticed a salamander tyrant
  1664 | D        | Noticed a salamander tyrant
  1664 | D        | Noticed a fire giant
  1664 | D        | Noticed a Brimstone Fiend
  1665 | D        | Noticed a fire giant
  1665 | D        | Noticed a balrug
  1666 | D        | Identified the ring of Sael {Fire Slay+2}
  1666 | D        | Noticed a fire giant
  1673 | D        | Killed a salamander tyrant
  1673 | D        | Identified the +8 rapier "Calurub" {vorpal, rPois Dex+3}
                  | (Trog gifted it to you in the Dungeon)
  1673 | D        | Received a gift from Trog
  1676 | D        | Killed from afar by a fire giant

Illustrated notes

Levels and vault maps discovered:
D:        sprint_v [room_start, room_1, room_2, room_3, room_4, room_5, room_6,
          room_7, room_8, room_9, room_10, room_11, room_12, room_13, room_14,
          room_15, room_16, room_17, room_18, room_19, room_20, room_21,
          room_22, room_23, room_24, room_25, room_26, room_27]

Skill      XL: |  1  2  3  4  5  6  7  8  9 10 11 12 |
---------------+-------------------------------------+-----
Fighting       | 6 8 9 11 13 14 15 17 18 | 18.6
Axes           | 6 8 9 11 13 15 17 19 22 | 22.3
Armour         | 5 7 9 10 12 14 15 16 18 | 18.4
Dodging        | 5 6 8 10 11 13 14 15 17 | 17.1
Shields        | 4 7 10 13 | 13.4

Action                   |  1- 3 |  4- 6 |  7- 9 | 10-12 || total
-------------------------+-------+-------+-------+-------++-------
Melee: Broad axe         |     1 |     3 |    18 |    79 ||   101
       Headbutt          |       |     1 |     4 |    17 ||    22
Invok: Berserk           |       |     1 |     1 |     4 ||     6
  Use: Potion            |       |       |       |     1 ||     1
 Stab: Distracted        |       |       |       |     2 ||     2
Armor: Plate armour      |       |       |     2 |    31 ||    33
Dodge: Dodged            |       |       |     2 |    16 ||    18
Block: Kite shield       |     3 |     3 |    26 |   109 ||   141
       Reflection        |       |       |       |     1 ||     1
